Map: NeoHumanity LE

Players

BoomBoomPow

  • Race: Zerg Zerg
  • League: Platinum
  • Spawn Location: 5:00

turdburglar - Winner!

  • Race: Terran Terran
  • League: Platinum
  • Spawn Location: 11:00

VOD

Have the link to the VOD?

Description

Time

  • Played on: July 3, 2023, 4:54 p.m.
  • Length: 13:59
Show
View Real Time Build Order
Export as new Build Order

BoomBoomPow Zerg 

Build Orders: Hatch First 

Get SALT Encoding   

  12  0:01  Drone  
  13  0:13  Overlord  
  13  0:23  Drone  
  14  0:31  Drone x2  
  16  0:52  Hatchery  
  16  0:57  Drone  
  16  0:59  Drone  
  16  1:00  Drone  
  18  1:16  Spawning Pool  
  17  1:19  Extractor  
  17  1:20  Drone  
  17  1:23  Drone  
  18  1:32  Drone  
  19  1:42  Drone  
  20  1:50  Overlord  
  20  2:03  Queen  
  20  2:04  Queen  
  20  2:05  Zergling x4  
  26  2:14  Overlord  
  26  2:20  Zergling x2  
  27  2:23  Drone  
  27  2:25  Metabolic Boost  
  27  2:28  Drone  
  29  2:37  Zergling x4  
  31  2:47  Drone x2  
  33  2:58  Queen  
  35  2:59  Queen  
  35  3:02  Overlord  
  37  3:05  Drone  
  38  3:15  Roach Warren  
  38  3:16  Drone  
  38  3:20  Drone  
  38  3:21  Drone  
  38  3:25  Drone  
  38  3:26  Drone  
  42  3:29  Drone  
  42  3:31  Drone  
  44  3:38  Drone x3  
  44  3:40  Drone  
  48  3:55  Zergling x2  
  48  3:56  Zergling x6  
  48  3:57  Overlord x2  
  52  4:16  Roach x3  
  58  4:17  Hatchery  
  58  4:20  Lair  
  54  4:34  Roach x5  
  54  4:35  Zergling x2  
  64  4:45  Drone x3  
  63  4:58  Drone x5  
  68  5:03  Extractor  
  68  5:04  Extractor  
  66  5:18  Glial Reconstitution  
  66  5:20  Drone  
  66  5:21  Drone  
  68  5:22  Overlord x5  
  68  5:23  Overlord  
  68  5:57  Drone  
  68  5:58  Drone x14  
  82  6:06  Spore Crawler  
  75  6:19  Queen  
  75  6:24  Drone x2  
  75  6:25  Drone  
  80  6:26  Drone x5  
  80  6:27  Drone x2  
  87  6:55  Hydralisk Den  
  87  7:00  Extractor  
  87  7:01  Drone x5  
  87  7:02  Drone x3  
  87  7:05  Extractor  
  87  7:06  Extractor  
  87  7:08  Spine Crawler x2, Drone  
  90  7:09  Spine Crawler x2, Drone x5  
  90  7:10  Spine Crawler  
  90  7:12  Spore Crawler  
  91  7:19  Drone x3  
  94  7:23  Roach  
  94  7:24  Roach x5  
  106  7:30  Muscular Augments  
  106  7:59  Hatchery  
  106  8:00  Hydralisk x8  
  121  8:06  Pneumatized Carapace, Spire  
  120  8:18  Hydralisk  
  122  8:21  Overlord x4  
  121  8:40  Hydralisk  
  121  8:41  Hydralisk x14  
  123  8:42  Grooved Spines  
  151  8:58  Overseer x2  
  151  9:07  Hydralisk  
  153  9:10  Overlord x4  
  153  9:11  Overlord x2  
  124  9:25  Roach x5  
  124  9:26  Roach x4  
  124  9:30  Roach x4  
  146  9:42  Drone  
  146  9:43  Drone x8  
  153  10:06  Roach  
  139  10:07  Roach x7  
  139  10:08  Roach x3  
  117  10:22  Zergling x2  
  117  10:23  Zergling x22  
  125  10:32  Drone x2  
  125  10:35  Extractor  
  126  10:36  Extractor  
  125  10:44  Drone  
  125  10:45  Drone x3  
  125  10:46  Drone x2  
  131  10:59  Hydralisk x5  
  131  11:00  Hydralisk x5  
  151  11:17  Mutalisk x10  
  171  11:24  Drone  
  172  11:32  Hatchery  
  171  11:35  Roach x7  
  171  11:38  Hatchery  
  184  11:49  Zerg Flyer Armor Level 1  
  184  11:53  Roach  
  196  11:54  Roach x7  
  195  12:13  Roach x2  
  195  12:14  Roach x3  
  158  12:21  Roach  
  158  12:22  Hydralisk x2, Roach x9  
  168  12:23  Hydralisk x4  
  168  12:29  Lurker Den  
  179  12:32  Infestation Pit  
  179  12:35  Hydralisk x4  
  179  12:36  Hydralisk x3  
  192  12:46  Drone  
  192  12:47  Drone x7  
  200  13:04  Roach x3  
  200  13:05  Roach x12  
  138  13:15  Hydralisk x10  
  138  13:18  Zergling x8  
  142  13:31  Hydralisk x8  
Show
View Real Time Build Order
Export as new Build Order

turdburglar Terran - Winner!

Build Orders: Liberator Opening, Reaper Expand 

Get SALT Encoding   

  12  0:00  SCV  
  13  0:12  SCV  
  14  0:18  Supply Depot  
  14  0:24  SCV  
  15  0:42  Barracks  
  15  0:46  Refinery  
  15  0:51  SCV  
  16  1:03  SCV  
  17  1:15  SCV  
  18  1:29  Reaper  
  18  1:31  Orbital Command  
  19  1:47  Command Center  
  19  1:57  Supply Depot  
  19  1:58  SCV  
  20  2:03  Marine  
  21  2:10  SCV  
  22  2:21  Factory  
  22  2:24  Barracks Reactor  
  22  2:35  SCV  
  23  2:46  Refinery  
  23  2:47  SCV  
  24  2:59  SCV  
  24  3:03  Orbital Command  
  25  3:09  Barracks Tech Lab  
  25  3:11  SCV  
  25  3:12  Starport  
  26  3:13  Hellion  
  26  3:14  Hellion  
  30  3:23  SCV  
  31  3:29  SCV  
  32  3:34  Stimpack  
  32  3:35  SCV  
  32  3:36  Hellion x2  
  37  3:41  SCV  
  37  3:47  SCV  
  39  3:53  SCV  
  40  3:56  Liberator  
  40  3:57  Hellion  
  40  4:00  SCV  
  46  4:03  Supply Depot  
  46  4:25  Hellion, SCV x2  
  48  4:37  SCV x2  
  43  4:47  Hellion x2  
  43  4:48  Viking  
  43  4:49  Marine, SCV x2  
  52  5:01  SCV x2  
  52  5:02  Supply Depot  
  52  5:03  Supply Depot, Command Center  
  54  5:10  Barracks x2  
  54  5:18  Starport Reactor  
  54  5:19  Factory Tech Lab  
  54  5:23  Marine  
  54  5:26  SCV  
  54  5:27  SCV  
  57  5:39  SCV x2  
  57  5:41  Refinery  
  59  5:43  Refinery  
  59  5:46  Engineering Bay x2  
  60  5:51  SCV x2  
  62  6:03  SCV x2  
  64  6:09  Marine  
  64  6:13  Starport Reactor  
  64  6:14  Supply Depot  
  64  6:16  Supply Depot  
  61  6:21  Orbital Command  
  61  6:24  SCV x2  
  63  6:27  Marine  
  63  6:29  Marine x4  
  63  6:30  Siege Tank  
  71  6:33  Terran Infantry Armor Level 1, Terran Infantry Weapons Level 1  
  71  6:36  SCV x2  
  71  6:38  Factory  
  73  6:42  Combat Shield  
  73  6:45  Orbital Command  
  73  6:48  SCV x2  
  75  6:54  Marine x4  
  75  6:55  Marine  
  75  6:56  Medivac  
  75  6:57  Medivac  
  75  7:00  SCV  
  85  7:03  Supply Depot  
  85  7:04  SCV  
  85  7:05  Supply Depot  
  85  7:06  Supply Depot  
  86  7:12  SCV  
  87  7:27  Marine x3  
  90  7:31  Factory Tech Lab  
  90  7:32  Marine  
  90  7:33  Siege Tank, Medivac x2  
  98  7:38  Barracks  
  98  7:40  Marine, Armory  
  98  7:43  Barracks  
  99  7:44  Marine, SCV x3  
  99  7:51  Marine x3  
  104  7:56  SCV x3  
  109  8:05  Supply Depot  
  109  8:06  Marine, Siege Tank  
  109  8:07  Siege Tank, Medivac x2  
  109  8:08  Marine  
  109  8:09  Supply Depot  
  121  8:25  Marine x2  
  119  8:28  Barracks Reactor  
  119  8:30  Marauder  
  119  8:31  Barracks Reactor  
  119  8:32  SCV x2  
  119  8:33  Terran Infantry Weapons Level 2  
  119  8:37  Refinery  
  119  8:38  Refinery, SCV  
  119  8:39  Marine  
  119  8:40  Marine, Siege Tank  
  125  8:42  Marine  
  125  8:44  SCV  
  127  8:54  Marine  
  127  8:55  Marine  
  129  8:57  Marine  
  130  9:20  Marine x3  
  130  9:21  Marine x6  
  130  9:22  Siege Tank  
  130  9:23  Medivac x2  
  110  9:38  Marine x2  
  104  9:54  Factory Tech Lab  
  82  10:07  Marine  
  82  10:08  Marine x8  
  82  10:09  Siege Tank, Medivac  
  82  10:10  Medivac  
  69  10:29  SCV x2  
  69  10:30  Orbital Command  
  69  10:32  Marine  
  69  10:33  Marine x8  
  69  10:34  Siege Tank  
  83  10:45  Siege Tank, Medivac  
  83  10:46  Medivac  
  90  10:50  Marine  
  90  10:51  Marine x3  
  92  11:03  Terran Infantry Weapons Level 3  
  92  11:05  Marine x4  
  92  11:06  Marine  
  92  11:08  Marine x2  
  99  11:17  Marine, SCV x3  
  99  11:18  Marine, Siege Tank  
  104  11:23  Marine x3  
  110  11:29  SCV  
  110  11:30  SCV x2  
  110  11:32  Marine x4  
  114  11:35  Marine  
  118  11:41  Marine, SCV  
  118  11:42  Marine x3, SCV  
  124  11:50  Marine  
  125  12:02  Marine  
  125  12:03  Supply Depot x3  
  120  12:12  Marine x6  
  120  12:13  Marine x2  
  118  12:20  Marine  
  113  12:30  Marine, Missile Turret  
  113  12:31  Missile Turret  
  113  12:36  Missile Turret  
  114  12:39  Marine x8  
  114  12:40  Siege Tank x2  
  128  12:48  Marine  
  129  12:57  Marine x2  
  131  13:05  Marine x6  
  121  13:06  Marine  
  116  13:14  Marine  
  116  13:15  Marine  
  115  13:23  Marine x2  
  117  13:32  Marine x6  
  117  13:33  Marine  
Tags
 
Add a new tag
Caveats
  • Supply blocks, unpowered buildings, or Contaminate may cause inaccurate times.
  • Supply counts are checked every 10 seconds.